AoeStats
← RoR | Vodka_L_2

Arabian Desert

510281839Analyzed
1v1 RM · 2d ago on Sep 30, 2026· 11m 8s· 2 players
Game mode
Random Map
Map size
Tiny (2 player)
Population
200
Speed
Normal
Resources
Standard
Victory
Conquest
Starting age
Dark Age
Ending age
Imperial Age
RankedLock teamsTeams togetherTeam positionsShared explorationLock speedFull tech treeHidden civsTurbo modeCheats
Victory
Defeat
🇳🇴 Muisca · Norway
2909
+4
🇮🇹 Huns · Italy
2583
-4
TAG_MbL_
7:02 Loom
9:07 Feudal Age
9:45 Champi Runner
10:23 Double-Bit Axe
RoR | Vodka_L_2
7:01 Loom
9:11 Feudal Age
9:17 Man-at-Arms
9:57 Double-Bit Axe
Connection lost

Rejoining the realm…

Still unreachable

The connection could not be restored.

Session expired

The server has moved on; the page needs a fresh start.